 Dungeon Crawl Stone Soup version 0.30.0-11-gf55b779eaf (webtiles) character file.

Game seed: 14074161451073540359

6 ProzacElf the Charlatan (level 1, 0/15 HPs)
             Began as a Demonspawn Artificer on May 17, 2023.
             Slain by a quokka (4 damage)
             ... on level 1 of the Dungeon.
             The game lasted 00:01:07 (270 turns).

ProzacElf the Charlatan (Demonspawn Artificer)       Turns: 270, Time: 00:01:08

Health: 0/15       AC:  3    Str: 12    XL:     1   Next: 75%
Magic:  1/1        EV: 11    Int: 12    God:
Gold:   39         SH:  0    Dex: 13    Spells: 0/0 levels left

rFire   . . .        g - +0 dagger
rCold   . . .        (no shield)
rNeg    . . .        b - +0 leather armour
rPois   .            (no helmet)
rElec   .            (no cloak)
rCorr   .            (no gloves)
SInv    .            (no boots)
Will    .....        (no amulet)
Stlth   +            (no ring)
HPRegen 0.22/turn    (no ring)
MPRegen 0.07/turn

%: no passive effects
@: no status effects
A: no striking features
a: no special abilities


You were on level 1 of the Dungeon.
You visited 1 branch of the dungeon, and saw 1 of its levels.

You collected 39 gold pieces.

Inventory:

Hand Weapons
 a - a +0 club
 g - a +0 dagger (weapon)
Armour
 b - a +0 leather armour (worn)
 f - a +0 plate armour
Wands
 c - a wand of flame (15) (quivered)
 d - a wand of charming (15)
 e - a wand of iceblast (5)
Potions
 h - a potion of haste {unknown}


   Skills:
 - Level 1.0 Fighting
 + Level 0.5 Maces & Flails
 - Level 1.7 Armour
 - Level 0.8 Dodging
 + Level 1.2 Stealth
 + Level 3.1 Evocations


You couldn't memorise any spells.
You didn't know any spells.
Your spell library was empty.

Dungeon Overview and Level Annotations

Branches:
Dungeon (1/15)

Altars:


Message History

Found a stone staircase leadin' down.
A frilled lizard be nearby!
Tha frilled lizard bites ye but does nay damage.
Ye barely miss tha frilled lizard.
Tha frilled lizard bites ye but does nay damage.
Ye hit tha frilled lizard.
Ye kill tha frilled lizard!
Nay target in view!
Nay target in view!
Nay target in view!
Ye now haf 39 gold pieces (gain'd 8).
h - a yellow potion Ye op'n tha door.
A quokka comes inta view.
Found 8 gold pieces.
Found a stone staircase leadin' down.
An endoplasm comes inta view.
Found 15 gold pieces an' a rapier.
Thar be an op'n door 'ere.
Ye miss tha quokka.
Tha quokka barely misses ye.
Tha quokka bites ye but does nay damage.
Ye closely miss tha quokka.
Tha quokka barely misses ye.
Ye barely miss tha quokka.
Tha endoplasm quivers.
Tha quokka bites ye.
Ye take 3 damage, an' haf 12/15 hp.
Ye barely miss tha quokka.
Tha quokka bites ye but does nay damage.
Ye hit tha endoplasm.
Tha endoplasm be lightly wounded.
Tha quokka bites ye.
Tha endoplasm freezes ye.
Ye be froz'n.
* * * LOW HITPOINT WARNIN'
* * * Ye take 8 damage, an' haf 4/15 hp.
MASSIVE DAMAGE!!
Ye be too injured ta fight recklessly!
Ye be too injured ta fight recklessly!
Tha endoplasm attacks as ye move away!
Tha endoplasm hits ye but does nay damage.
Tha quokka bites ye.
Ye die...

#.# # #.# .. ..#
#+## #. #.# #...#
# #.# #.# ......
#.#..##.# #......
##.#...#.##......$
.........@rJ......
#.#...#.##.......
#.......# #.....)
#####.### #>....
#.# #.$.# #.# #+##
#.# #.# ##.##


You could see an endoplasm and a quokka.

Vanquished Creatures
  3 endoplasms (D:1)
  A hobgoblin (D:1)
  A frilled lizard (D:1)
5 creatures vanquished.

Notes
Turn   | Place    | Note
-------+----------+-------------------------------------------
     0 | D:1      | ProzacElf the Demonspawn Artificer began the quest for the
                  | Orb.
     0 | D:1      | Reached XP level 1. HP: 15/15 MP: 1/1
   128 | D:1      | Reached skill level 1 in Stealth
   270 | D:1      | Slain by a quokka

Illustrated notes

Levels and vault maps discovered:
D:1:      dpeg_arrival_rooms_with_view, layout_loops_corners, serial_shops,
          shop, palyth_stone_intersect

Skill      XL: |  1 |
---------------+----+-----
Stealth        | 1 |  1.2
Fighting       | |  1.0
Maces & Flails | |  0.5
Armour         | |  1.7
Dodging        | |  0.8
Evocations     | |  3.1

Action                     || total
---------------------------++-------
  Melee: Club              ||    19
         Dagger            ||     7
   Stab: Sleeping          ||     2
 Armour: Leather armour    ||    10
  Dodge: Dodged            ||     9

Action                     || total
---------------------------++-------
  Melee: Club              ||    19
         Dagger            ||     7
   Stab: Sleeping          ||     2
 Armour: Leather armour    ||    10
  Dodge: Dodged            ||     9

Levels and vault maps discovered:
D:1:      dpeg_arrival_rooms_with_view, layout_loops_corners, serial_shops,
          shop, palyth_stone_intersect
